 Dungeon Crawl Stone Soup version 0.31.0-11-ge490571c62 (webtiles) character file.

Game seed: 14138889248820419724

83 Silvore the Trooper (level 4, -2/31 (35) HPs)
             Began as a Demonspawn Fighter on Feb 9, 2024.
             Slain by a gnoll
             ... wielding a +1 flail of draining
              (3 damage)
             ... on level 2 of the Dungeon.
             The game lasted 00:01:41 (881 turns).

Silvore the Trooper (Demonspawn Fighter)             Turns: 881, Time: 00:01:42

HP:   -2/31 (35)    AC:  6    Str: 19    XL:     4   Next: 22%
MP:   4/4           EV:  9    Int:  8    God:
Gold: 901           SH:  4    Dex: 12    Spells: 3/3 levels left

rFire   . . .        a - +0 long sword
rCold   . . .        c - +0 buckler
rNeg    . . .        b - +0 scale mail
rPois   .            (no helmet)
rElec   .            (no cloak)
rCorr   .            (no gloves)
SInv    .            (no boots)
Will    .....        (no amulet) Stlth
                     (no ring)
HPRegen 0.25/turn    (no ring)
MPRegen 0.09/turn

%: no passive effects
@: heavily drained
A: ignite blood 1, demonic magic 1
a: no special abilities


You were on level 2 of the Dungeon.
You visited 1 branch of the dungeon, and saw 2 of its levels.

You collected 901 gold pieces.

Inventory:

Hand Weapons
 a - a +0 long sword (weapon)
Armour
 b - a +0 scale mail (worn)
 c - a +0 buckler (worn)
Jewellery
 l - an amulet of faith
Scrolls
 e - a scroll of fog
Potions
 d - a potion of might
 f - a potion of resistance {unknown}
 g - a potion of magic
 h - a potion of curing
 k - a potion of berserk rage {unknown}


   Skills:
 + Level 3.5 Fighting
 + Level 2.7 Long Blades
 + Level 3.2 Armour
 + Level 0.5 Dodging
 + Level 3.0 Shields


You had 3 spell levels left.
You didn't know any spells.
Your spell library contained the following spells:

 Spells                   Type           Power      Damage    Failure   Level
 Cigotuvi's Dreadful Rot  Necr/Alch/Air  0%         N/A       94%         2
 Dispel Undead            Necr           0%         3d6       100%        4
 Martyr's Knell           Necr/Summ      0%         N/A       100%        4
 Death Channel            Necr           0%         N/A       100%        6


Dungeon Overview and Level Annotations

Branches:
Dungeon (2/15)

Altars:


Innate Abilities, Weirdness & Mutations

Your demonic aura sometimes causes spilled blood to erupt in flames.
Spells you cast may paralyse adjacent enemies.


Message History

Found a knobbly glowing staff.
i - a scroll of identify
As you read the scroll of identify, it crumbles to dust.
h - a potion of curing You are no longer corroded.
A rat comes into view.
The rat squeaks loudly.
You hear a shout! x3; You hear a loud squeak.
A rat is nearby! 2 gnolls come into view.
A gnoll is wielding a +1 flail of draining.
The gnoll shouts!
A gnoll comes into view. It is wielding a +0 spear.
A rat comes into view.
The rat bites you but does no damage. The gnoll attacks as it pursues you!
The gnoll hits you with a +0 club.
You see here a staff of air.
The rat twitches its whiskers.
The gnoll hits you but does no damage. The gnoll hits you but does no damage.
The gnoll barely misses you. The rat bites you but does no damage.
You see here a staff of air.
You block the gnoll's attack. The gnoll hits you with a +0 club.
The gnoll attacks as it pursues you!
The gnoll hits you with a +1 flail of draining.
You feel drained.
You barely miss the gnoll. The gnoll hits you with a +0 club.
You block the gnoll's attack.
You hit the gnoll.
The gnoll is moderately wounded.
The gnoll barely misses you.
The gnoll hits you with a +1 flail of draining!
You feel drained. The gnoll closely misses you. x2
You hit the gnoll but do no damage.
The gnoll is moderately wounded.
The gnoll hits you with a +0 club.
* * * LOW HITPOINT WARNING * * *
The gnoll hits you with a +1 flail of draining!
* * * LOW HITPOINT WARNING * * *
You feel drained.
You die...

..######.................#
..# #.................#
..# #################.####
..# ##...........# ..#
#...........[# ..#
#............# .## ##
#............# ...
#............# ....
#@..###..#####
.....###gg.###.##
.......rr......#
...............#
...............#
###.......?....#
#............#
#............#
..............#


You could see 2 gnolls and 2 rats.

Vanquished Creatures
  A jelly (D:2)
  An adder (D:2)
  2 dart slugs (D:1)
  6 ball pythons
  6 bats
  3 endoplasms
  2 giant cockroaches (D:1)
  4 goblins (D:1)
  3 hobgoblins (D:1)
  4 quokkas (D:1)
  2 kobolds (D:1)
  A rat (D:1)
35 creatures vanquished.

Notes
Turn   | Place    | Note
-------+----------+-------------------------------------------
     0 | D:1      | Silvore the Demonspawn Fighter began the quest for the Orb.
     0 | D:1      | Reached XP level 1. HP: 18/18 MP: 1/1
   107 | D:1      | Gained mutation: Your demonic aura sometimes causes spilled
                  | blood to erupt in flames. [demonic ancestry]
   107 | D:1      | Reached XP level 2. HP: 22/24 MP: 2/2
   369 | D:1      | Gained mutation: Spells you cast may paralyse adjacent
                  | enemies. [demonic ancestry]
   369 | D:1      | Reached XP level 3. HP: 24/29 MP: 3/3
   431 | D:1      | Identified a scroll of acquirement
   431 | D:1      | Acquired 846 gold pieces
   788 | D:2      | Reached XP level 4. HP: 15/35 MP: 4/4
   881 | D:2      | HP: 1/32 [gnoll/+1 flail of draining (7)]
   881 | D:2      | Slain by a gnoll

Illustrated notes

Levels and vault maps discovered:
D:1:      lightli_arrival_noodles, layout_rooms
D:2:      layout_basic

Skill      XL: |  1  2  3 |
---------------+----------+-----
Armour         | 3 |  3.2
Long Blades    | 2 |  2.7
Shields        | 3 |  3.0
Fighting       | |  3.5
Dodging        | |  0.5

Action                     |  1- 3 |  4- 6 || total
---------------------------+-------+-------++-------
  Melee: Long sword        |    95 |     3 ||    98
    Use: Scroll            |     5 |     1 ||     6
 Armour: Scale mail        |    92 |    11 ||   103
  Dodge: Dodged            |    53 |     4 ||    57
  Block: Buckler           |    37 |     2 ||    39
